 Dungeon Crawl Stone Soup version 0.30-a0-748-ge6a52f7cba (webtiles) character file.

Game seed: 16197457875132104353

15 Newt the Trooper (level 2, -30/24 HPs)
             Began as a Demonspawn Gladiator on Feb 8, 2023.
             Killed by an exploding jackal (35 damage)
             ... ignited by their inner flame
             ... on level 2 of the Dungeon.
             The game lasted 00:00:54 (533 turns).

Newt the Trooper (Demonspawn Gladiator)              Turns: 533, Time: 00:00:55

Health: -30/24     AC:  4    Str: 20    XL:     2   Next: 34%
Magic:  2/2        EV: 12    Int:  9    God:
Gold:   4          SH:  0    Dex: 14    Spells: 1/1 levels left

rFire   . . .      SeeInvis .    p - +0 falchion (drain)
rCold   . . .      Faith    .    (no shield)
rNeg    . . .      Spirit   .    b - +0 leather armour
rPois   .          Reflect  .    c - +0 helmet
rElec   .          Harm     .    (no cloak)
rCorr   .          Rampage  .    (no gloves)
Will    .....                    (no boots)
Stlth   +                        (no amulet)
HPRegen 0.24/turn                k - +6 ring of strength
MPRegen 0.16/turn                (no ring)

@: no status effects
A: magic regeneration
a: no special abilities


You were on level 2 of the Dungeon.
You visited 1 branch of the dungeon, and saw 2 of its levels.

You collected 85 gold pieces.
You spent 81 gold pieces at shops.

Inventory:

Hand Weapons
 a - a +0 rapier
 p - a +0 falchion of draining (weapon)
Missiles
 d - 3 throwing nets (quivered)
 e - 7 javelins
Armour
 b - a +0 leather armour (worn)
 c - a +0 helmet (worn)
Jewellery
 k - a +6 ring of strength (left hand)
Scrolls
 i - a scroll of teleportation
 j - a scroll of fear
Potions
 f - 2 potions of heal wounds {unknown}
 h - 2 potions of curing {unknown}


   Skills:
 + Level 3.0 Fighting
 - Level 2.6 Short Blades
 - Level 1.7 Throwing
 - Level 2.6 Dodging


You had one spell level left.
You didn't know any spells.
Your spell library was empty.

Dungeon Overview and Level Annotations

Branches:
Dungeon (2/15)

Altars:

Shops:
D:1 (


Innate Abilities, Weirdness & Mutations

You regenerate magic rapidly.


Message History

j - a scroll of fear
As you read the scroll labelled ZOILAC ZUAP, it crumbles to dust.
You hear a loud clanging noise!
It was a scroll of noise.
You hear a shout!
You hear an angry hiss.
The air fills with toxic fumes!
As you read the scroll labelled BELAOC JONK, it crumbles to dust.
It was a scroll of poison.
As you read the scroll labelled YMORAME HYUSTRU, it crumbles to dust.
Wisps of shadow whirl around you...
It was a scroll of summoning.
Unknown command.
As you read the scroll labelled PUAFIWN FOOTO, it crumbles to dust.
The creatures around you are filled with an inner flame!
It was a scroll of immolation.
Your bat is poisoned.
Your bat is engulfed in poison gas.
Your bat looks even sicker.
Flame seeps out of your bat.
Your jackal is engulfed in poison gas.
Your jackal is poisoned.
Flame seeps out of your jackal.
Your jackal is engulfed in poison gas.
Your jackal is poisoned.
Your jackal's corpse dissolves into shadows!
Your jackal explodes!
The fiery explosion engulfs your adder!!
Your adder's corpse dissolves into shadows!
Your adder explodes!
The fiery explosion engulfs your jackal!!
Your jackal's corpse dissolves into shadows!
Your jackal explodes!
The fiery explosion engulfs your bat!!!
Your bat's corpse dissolves into shadows!
The fiery explosion engulfs you!!
Ouch! That really hurt!
* * * LOW HITPOINT WARNING * * *
The fiery explosion engulfs your jackal!
Your jackal's corpse dissolves into shadows!
Your jackal explodes!
The fiery explosion engulfs you!!
Ouch! That really hurt!
You die...

## §§
§######
g§§§§#§#§
#§§§§§§§§
#@§# ##§#
§# §# §§
§# §§ §§


You could see a friendly goblin (summoned, inner flame).

Vanquished Creatures
  A gnoll (D:1)
  An endoplasm (D:1)
  A hobgoblin (D:1)
  2 goblins (D:1)
  A rat (D:1)
6 creatures vanquished.

Notes
Turn   | Place    | Note
-------+----------+-------------------------------------------
     0 | D:1      | Newt the Demonspawn Gladiator began the quest for the Orb.
     0 | D:1      | Reached XP level 1. HP: 16/16 MP: 1/1
   212 | D:1      | Gained mutation: You regenerate magic rapidly. [demonic
                  | ancestry]
   212 | D:1      | Reached XP level 2. HP: 21/23 MP: 2/2
   466 | D:1      | Reached skill level 3 in Fighting
   503 | D:1      | Found Ihiofuu's Weapon Boutique.
   508 | D:1      | Bought a +0 falchion of draining for 81 gold pieces
   533 | D:2      | Killed by an exploding jackal... ignited by their inner
                  | flame

Illustrated notes

Levels and vault maps discovered:
D:1:      sevenhm_arrival_forest_fort_small_3, layout_basic, serial_shops, shop,
          hangedman_glass_teeth
D:2:      layout_basic, shapermc_ecumenical_altar_pompeii, eino_curves_04,
          uniq_sigmund

Skill      XL: |  1  2 |
---------------+-------+-----
Fighting       | 3 |  3.0
Short Blades   | |  2.6
Throwing       | |  1.7
Dodging        | |  2.6

Action                     || total
---------------------------++-------
  Melee: Rapier            ||    11
  Throw: Javelin           ||     1
    Use: Scroll            ||     6
 Armour: Leather armour    ||     2
  Dodge: Dodged            ||     6

Table legend: (Time is in decaauts)
 A = Elapsed time spent in this place.
 B = Non-inter-level travel time spent in this place.
 C = Inter-level travel time spent in this place.
 D = Time resting spent in this place.
 E = Time spent auto-exploring this place.
 F = Levels seen in this place.
 G = Mean time per level.
                   A        B        C        D        E       F      G
               +--------+--------+--------+--------+--------+-----+--------+
         Total |    532 |    514 |     18 |      0 |    455 |   2 |  266.0 |
       Dungeon |    532 |    514 |     18 |      0 |    455 |   2 |  266.0 |
               +--------+--------+--------+--------+--------+-----+--------+

Top non-repeatable levels by time:
     D:1: 527 daAuts
     D:2: 5 daAuts
